 Dungeon Crawl Stone Soup version 0.19-a0-944-gb338e1e (webtiles) character file.

123 mistymad the Shooter (level 4, 0/40 HPs)
             Began as a Centaur Hunter on July 9, 2016.
             Slain by an orc
             ... wielding a +0 flail
              (2 damage)
             ... on level 3 of the Dungeon.
             The game lasted 00:04:40 (3090 turns).

mistymad the Shooter (Centaur Hunter)               Turns: 3090, Time: 00:04:41

Health: 0/40       AC:  4    Str: 14    XL:     4   Next: 80%
Magic:  4/4        EV:  9    Int: 10    God:
Gold:   72         SH:  0    Dex: 11    Spells: 0 memorised, 3 levels left

rFire  . . .     SeeInvis .     b - +0 short sword
rCold  . . .     Gourm    .     c - +0 leather armour
rNeg   . . .     Faith    .     (no shield)
rPois  .         Spirit   .     (no helmet)
rElec  .         Dismiss  .     (no cloak)
rCorr  .         Reflect  .     (no gloves)
SustAt .         Harm     .     (no barding)
MR     .....                    (no amulet)
Stlth  +.........               (no ring)
                                (no ring)

@: drained, very quick, not resistant to hostile enchantments, very unstealthy
A: hooves 3, deformed body, speed 2, tough skin 3
a: no special abilities


You were on level 3 of the Dungeon.
You were not hungry.

You visited 1 branch of the dungeon, and saw 3 of its levels.

You collected 72 gold pieces.

Inventory:

Hand Weapons
 a - a +1 shortbow
 b - a +0 short sword (weapon)
Missiles
 d - 40 arrows
Armour
 c - a +0 leather armour (worn)
Scrolls
 h - 5 scrolls of remove curse
 j - a scroll of fear
Potions
 g - a potion of heal wounds
 k - a potion of curing {unknown}
 l - a potion of invisibility
Comestibles
 f - 3 bread rations
 i - 3 fruits
 m - 3 chunks of flesh


   Skills:
 + Level 3.8(3.7) Fighting
 + Level 6.8(6.7) Bows
 - Level 1.3(1.2) Dodging
 - Level 0.5(0.4) Stealth


You had 3 spell levels left.
You didn't know any spells.

Dungeon Overview and Level Annotations

Branches:
Dungeon (3/15)

Altars:


Innate Abilities, Weirdness & Mutations

You have hooves in place of feet.
Armour fits poorly on your strangely shaped body.
You cover ground very quickly.
You have extremely tough skin. (AC +3)


Message History

You take 14 damage, and have 6/40 hp.
MASSIVE DAMAGE!!
You barely miss the orc priest.
The orc priest is almost dead.
The orc closely misses you. x2
The orc priest hits you with a hand axe.
* * * LOW HITPOINT WARNING * * *
You take 2 damage, and have 4/40 hp.
Unknown command.
You closely miss the orc priest.
The orc priest is almost dead.
The orc hits you but does no damage. The orc hits you with a flail.
* * * LOW HITPOINT WARNING * * *
The orc closely misses you. The orc priest barely misses you.
You take 2 damage, and have 2/40 hp.
Unknown command.
You closely miss the orc priest.
You kick the orc priest, but do no damage.
The orc priest is almost dead.
The orc hits you but does no damage. The orc hits you with a flail.
You die...

#.#># ######.#.#
#####...##.#.###
.........#.....#
#......###.#.#
#.#........#.#
#...######.#
#.oo######.#
#.@o.......#
##o#?#######
#.#.# #....
#..... #......
#... ... #.#+#


You could see an orc priest and 3 orcs.

Vanquished Creatures
  Ijyb (D:2)
  A gnoll (D:1)
  2 adders
  An adder skeleton (D:3)
  A worm (D:3)
  2 giant geckos
  4 orcs
  2 giant cockroaches (D:1)
  5 hobgoblins
  7 jackals
  4 kobolds
  A quokka (D:2)
  A ball python (D:2)
  9 bats
  4 giant newts
  7 goblins
  5 rats
57 creatures vanquished.

Notes
Turn   | Place    | Note
-------+----------+-------------------------------------------
     0 | D:1      | mistymad the Centaur Hunter began the quest for the Orb.
     0 | D:1      | Reached XP level 1. HP: 17/17 MP: 1/1
   336 | D:1      | Reached XP level 2. HP: 13/25 MP: 2/2
  1135 | D:1      | Reached XP level 3. HP: 16/30 MP: 3/3
  1340 | D:1      | Reached skill level 6 in Bows
  2023 | D:2      | Reached XP level 4. HP: 17/38 MP: 4/4
  2526 | D:2      | Noticed Ijyb
  2556 | D:2      | Killed Ijyb
  3089 | D:3      | HP: 2/40 [orc/flail (3)]
  3090 | D:3      | Slain by an orc

Vault maps used:
D:1:      dpeg_arrival_morbid_curiosity, interstate_on_off, corner_web_ring
D:2:      uniq_iyjb
D:3:      vehumet_crystals, hangedman_decor_clover_reticule

Skill      XL: |  1  2  3 |
---------------+----------+-----
Fighting       | 3 |  3.8
Bows           | 6 |  6.8
Dodging        | |  1.3
Stealth        | |  0.5

Action                   |  1- 3 |  4- 6 || total
-------------------------+-------+-------++-------
Melee: Short sword       |   176 |   104 ||   280
       Kick              |    31 |    26 ||    57
 Fire: Shortbow          |     3 |       ||     3
  Use: Scroll            |     4 |     1 ||     5
       Potion            |       |     2 ||     2
  Eat: Chunk             |     3 |     3 ||     6
Armor: Leather armour    |    71 |    45 ||   116
Dodge: Dodged            |    91 |    66 ||   157
